 Dungeon Crawl Stone Soup version 0.18-a0-1692-g516f9e9 (webtiles) character file.

154 4thArraOfDagon the Chopper (level 5, -7/47 HPs)
             Began as a Draconian Berserker on Apr 5, 2016.
             Was a Believer of Trog.
             Mangled by an iguana (13 damage)
             ... on level 4 of the Dungeon.
             The game lasted 00:03:16 (755 turns).

4thArraOfDagon the Chopper (Draconian Berserker)     Turns: 755, Time: 00:03:17

Health: -7/47      AC: 10    Str: 23    XL:     5   Next: 13%
Magic:  5/5        EV: 13    Int: 12    God:    Trog [**....]
Gold:   91         SH:  0    Dex: 11    Spells: 0 memorised, 4 levels left

rFire  . . .     SeeInvis .     a - +0 hand axe
rCold  . . .     Gourm    .     (armour unavailable)
rNeg   . . .     Faith    .     (no shield)
rPois  .         Spirit   .     (helmet restricted)
rElec  .         Dismiss  .     c - +2 cloak
rCorr  +         Reflect  .     e - +1 pair of gloves {Str+3}
SustAt +         Harm     .     (no boots)
MR     ++...                    (no amulet)
Stlth  +.........               m - ring of sustain attributes
                                f - ring of resist corrosion

@: brilliant, exhausted, flying, regenerating, slowed, very slow, very resistant
to hostile enchantments, very unstealthy
A: unfitting armour, cold-blooded, AC +5
a: Berserk, Trog's Hand, Burn Spellbooks, Renounce Religion


You were on level 4 of the Dungeon.
You worshipped Trog.
Trog was pleased with you.
You were very hungry.

You visited 1 branch of the dungeon, and saw 4 of its levels.

You collected 91 gold pieces.

Inventory:

Hand Weapons
 a - a +0 hand axe (weapon)
 k - a +0 blowgun
Missiles
 l - 15 poisoned needles
Armour
 c - a +2 cloak (worn)
 e - a +1 pair of gloves of strength (worn)
Jewellery
 f - a ring of resist corrosion (left hand)
 m - a ring of sustain attributes (right hand)
Wands
 p - a wand of acid (5/15)
 s - a wand of polymorph (7/24)
Scrolls
 d - a scroll of teleportation {unknown}
 i - 3 scrolls of remove curse {unknown}
 q - a scroll of identify {unknown}
 r - a scroll of immolation {unknown}
Comestibles
 b - 3 bread rations
 h - 3 chunks of flesh
 j - 2 meat rations
 n - a slice of pizza


   Skills:
 + Level 4.4 Fighting
 * Level 4.5 Axes
 + Level 3.4 Dodging


You had 4 spell levels left.
You didn't know any spells.

Dungeon Overview and Level Annotations

Branches:
Dungeon (4/15)
 Temple: D:4-7

Altars:
Nemelex Xobeh
Zin


Innate Abilities, Weirdness & Mutations

Your plain brown scales are hard (AC +5).
Your body does not fit into most forms of armour.
You are cold-blooded and may be slowed by cold attacks.


Message History

The iguana bites you.
* * * LOW HITPOINT WARNING * * *
Unknown command.
Unknown command.
Unknown command.
Your skin crawls.
You feel resistant to hostile enchantments.
You are feeling very hungry.
The iguana closely misses you.
Unknown command.
Unknown command.
The iguana bites you.
* * * LOW HITPOINT WARNING * * *
Unknown command.
Unknown command.
Unknown command.
Unknown command.
Unknown command.
The iguana bites you!
You die...

#.........#.##.###.#.# #.#
#..##...#.#.##.......####÷#
#....†>.....##............##
#....[......##.###.#.##.....
#...........##.##....###..##
#.....................##....
#####...#..###.####...##..##
#...#.l##...###.).##..#
##.##..@.(#.......##..#
#.###.##...###.......# #.#
#.###.## #..####.# #.# #.#
#.# #..# #.. .. ..# #. #...
### ##. .. ...## . ## #.##
..#


You could see an iguana.

Vanquished Creatures
  A hound (D:4)
  2 worker ants (D:4)
  An adder (D:3)
  A gnoll (D:1)
  A worm (D:4)
  A dart slug (D:1)
  A giant gecko (D:4)
  6 orcs
  4 bats
  4 giant cockroaches
  A goblin (D:3)
  5 hobgoblins
  2 jackals (D:3)
  2 quokkas (D:3)
  A giant newt (D:1)
  8 kobolds
  6 rats
47 creatures vanquished.

Notes
Turn   | Place    | Note
--------------------------------------------------------------
     0 | D:1      | 4thArraOfDagon the Draconian Berserker began the quest for the Orb.
     0 | D:1      | Reached XP level 1. HP: 19/19 MP: 1/1
   163 | D:1      | Reached XP level 2. HP: 26/26 MP: 2/2
   296 | D:3      | Reached XP level 3. HP: 14/31 MP: 3/3
   310 | D:3      | Found a glowing silver altar of Zin.
   311 | D:3      | Found a sparkling altar of Nemelex Xobeh.
   315 | D:3      | Reached ** piety under Trog
   553 | D:3      | Reached XP level 4. HP: 40/40 MP: 4/4
   725 | D:4      | Reached XP level 5. HP: 47/47 MP: 5/5
   747 | D:4      | HP: 1/47 [iguana (13)]
   755 | D:4      | Mangled by an iguana

Vault maps used:
D:1:      onia_arrival_mini_spirals
D:3:      gammafunk_temple_overflow_pools
D:4:      first_bread

Skill      XL: |  1  2  3 |
---------------+----------+-----
Dodging        | 3 |  3.4
Axes           | 4 |  4.5
Fighting       | 4 |  4.4

Action                   |  1- 3 |  4- 6 || total
-------------------------+-------+-------++-------
Melee: Hand axe          |    95 |    32 ||   127
Invok: Berserk           |     2 |     2 ||     4
       Trog's Hand       |       |     2 ||     2
  Use: Potion            |       |     2 ||     2
       Scroll            |       |     1 ||     1
  Eat: Chunk             |     1 |     2 ||     3
